 Dungeon Crawl Stone Soup version 0.30-a0-168-g0b976cbdc4 (webtiles) character file.

Game seed: 5970654862569720201

106 bande the Covered (level 4, -1/29 HPs)
             Began as a Gargoyle Fighter on Sept 29, 2022.
             Slain by an iguana (7 damage)
             ... on level 4 of the Dungeon.
             The game lasted 00:04:37 (3033 turns).

bande the Covered (Gargoyle Fighter)                Turns: 3033, Time: 00:04:38

Health: -1/29      AC: 10    Str: 20    XL:     4   Next: 84%
Magic:  4/4        EV:  9    Int:  8    God:
Gold:   129        SH:  4    Dex: 11    Spells: 3/3 levels left

rFire   . . .      SeeInvis .    a - +1 war axe
rCold   . . .      Faith    .    c - +0 buckler
rNeg    + . .      Spirit   .    b - +0 scale mail
rPois   ∞          Reflect  .    i - +0 hat
rElec   +          Harm     .    (no cloak)
rCorr   .          Rampage  .    (no gloves)
Will    +....                    (no boots)
Stlth   ..........               (no amulet)
HPRegen 0.09/turn                h - ring of willpower
MPRegen 0.09/turn                (no ring)

@: no status effects
A: sickness immunity, AC +3, negative energy resistance 1, electricity
resistance, torment resistance 1, petrification resistance
a: no special abilities


You were on level 4 of the Dungeon.
You visited 1 branch of the dungeon, and saw 4 of its levels.

You collected 129 gold pieces.

Inventory:

Hand Weapons
 a - a +1 war axe (weapon)
 m - a +0 flail
 q - a +0 war axe
Armour
 b - a +0 scale mail (worn)
 c - a +0 buckler (worn)
 i - a +0 hat (worn)
Jewellery
 h - a ring of willpower (left hand)
Wands
 j - a wand of charming (2)
Scrolls
 g - a scroll of enchant weapon
 l - 2 scrolls of teleportation
 p - a scroll of poison
Potions
 d - 2 potions of might
 e - a potion of invisibility
 f - 3 potions of heal wounds
 o - a potion of curing {unknown}
 s - 2 potions of flight


   Skills:
 + Level 3.8 Fighting
 + Level 2.8 Axes
 + Level 4.0 Armour
 - Level 0.5 Dodging
 + Level 3.8 Shields
 * Level 0.4 Evocations


You had 3 spell levels left.
You didn't know any spells.
Your spell library contained the following spells:

 Spells                   Type           Power      Damage    Failure   Level
 Summon Small Mammal      Summ           0%         N/A       85%         1
 Ensorcelled Hibernation  Hex/Ice        0%         N/A       94%         2
 Call Canine Familiar     Summ           0%         N/A       99%         3
 Spider Form              Tmut/Pois      0%         N/A       99%         3
 Summon Guardian Golem    Hex/Summ       0%         N/A       99%         3
 Anguish                  Hex/Necr       0%         N/A       100%        4


Dungeon Overview and Level Annotations

Branches:
Dungeon (4/15)
 Temple: D:4-7

Altars:
Sif Muna

Shops:
D:2 [

Annotations:
D:3 2 transporters, Lemondrips's ghost, amateur NaTm


Innate Abilities, Weirdness & Mutations

You are immune to sickness and miasma.
Your stone body is resilient. (AC +3)
You are immune to poison.
You resist negative energy. (rN+)
You are resistant to electric shocks. (rElec)
You are resistant to unholy torment.
You are immune to petrification.


Message History

Found an escape hatch in the ceiling.
An endoplasm comes into view.
Found a stone staircase leading down.
The endoplasm quivers.
The endoplasm hits you.
You hit the endoplasm.
The endoplasm is lightly wounded.
The endoplasm jiggles.
The endoplasm hits you but does no damage.
You slash the endoplasm!
You kill the endoplasm!
No target in view!
No target in view!
No target in view!
HP restored.
There is a stone staircase leading down here.
An iguana comes into view.
The iguana hisses angrily.
An iguana is nearby!
The iguana closely misses you.
You completely miss the iguana. The iguana bites you!
The iguana barely misses you.
You barely miss the iguana. The iguana bites you.
You are too injured to fight recklessly!
You are too injured to fight recklessly!
You are too injured to fight recklessly!
You are too injured to fight recklessly!
You are too injured to fight recklessly!
You are too injured to fight recklessly!
You are too injured to fight recklessly!
You closely miss the iguana. The iguana bites you!
* * * LOW HITPOINT WARNING * * *
You slash the iguana!
The iguana is severely wounded.
The iguana hisses menacingly.
The iguana bites you but does no damage. x2
You closely miss the iguana.
The iguana is severely wounded.
The iguana bites you!
You die...

#.#.. #.#.# #.#.# #+#
###.#.#########.#
............>##.#
....########.##.#####
#.#...######.##.....#
.................##.#
..#..#######.###@#
#.....!.........l#
..........##.#...#
......... .......
......... #+#...#
......... .####
......... ..
......... ...
.........


You could see an iguana.

Vanquished Creatures
  An adder (D:3)
  3 gnolls (D:3)
  3 dart slugs
  13 ball pythons
  5 bats
  6 endoplasms
  2 giant cockroaches
  5 goblins
  2 hobgoblins (D:3)
  3 jackals (D:1)
  5 kobolds
  8 frilled lizards
  6 rats
62 creatures vanquished.

Notes
Turn   | Place    | Note
-------+----------+-------------------------------------------
     0 | D:1      | bande the Gargoyle Fighter began the quest for the Orb.
     0 | D:1      | Reached XP level 1. HP: 14/14 MP: 1/1
   205 | D:1      | Reached XP level 2. HP: 14/19 MP: 2/2
   667 | D:1      | Reached XP level 3. HP: 18/23 MP: 3/3
  1071 | D:1      | Found a faded altar of an unknown god.
  1313 | D:2      | Found Baraf's Antique Armour Emporium.
  2279 | D:3      | Found a transporter.
  2279 | D:3      | Noticed Lemondrips's ghost (amateur NaTm)
  2283 | D:3      | Found a transporter.
  2399 | D:3      | Reached XP level 4. HP: 28/28 MP: 4/4
  2546 | D:3      | Reached skill level 4 in Armour
  2749 | D:3      | Found a shimmering blue altar of Sif Muna.
  3033 | D:4      | Slain by an iguana

Illustrated notes

Levels and vault maps discovered:
D:1:      dpeg_arrival_refuge, layout_loops_corners,
          hellmonk_ecumenical_altar_pennies_from_heaven
D:2:      layout_loops_ring, serial_shops, nicolae_shop_statue_plus,
          minmay_cut_off
D:3:      layout_basic, mainiacjoe_overflow_alcove_2, gammafunk_ghost_mausoleum
D:4:      layout_basic, grunt_temple_overflow_diamond

Skill      XL: |  1  2  3  4 |
---------------+-------------+-----
Axes           | 2 |  2.8
Armour         | 4 |  4.0
Fighting       | |  3.8
Dodging        | |  0.5
Shields        | |  3.8
Evocations     | |  0.4

Action                   |  1- 3 |  4- 6 || total
-------------------------+-------+-------++-------
Melee: War axe           |   123 |    38 ||   161
  Use: Scroll            |     8 |     4 ||    12
Armor: Scale mail        |    66 |    23 ||    89
Dodge: Dodged            |    56 |    20 ||    76
Block: Buckler           |    29 |     4 ||    33

Table legend: (Time is in decaauts)
 A = Elapsed time spent in this place.
 B = Non-inter-level travel time spent in this place.
 C = Inter-level travel time spent in this place.
 D = Time resting spent in this place.
 E = Time spent auto-exploring this place.
 F = Levels seen in this place.
 G = Mean time per level.
                   A        B        C        D        E       F      G
               +--------+--------+--------+--------+--------+-----+--------+
         Total |   3102 |   3040 |     62 |    363 |   2199 |   4 |  775.5 |
       Dungeon |   3102 |   3040 |     62 |    363 |   2199 |   4 |  775.5 |
               +--------+--------+--------+--------+--------+-----+--------+

Top non-repeatable levels by time:
     D:1: 1284 daAuts
     D:2: 1013 daAuts
     D:3: 764 daAuts
     D:4: 40 daAuts
